 Dungeon Crawl Stone Soup version 0.28-a0-1130-gc51a68064b (webtiles) character file.

Game seed: 10305000257593254336

9 flotson the Sneak (level 2, -3/24 HPs)
             Began as a Demonspawn Delver on Dec 12, 2021.
             Was an Initiate of Hepliaklqana.
             Slain by a phantom (8 damage)
             ... on level 4 of the Dungeon.
             The game lasted 00:03:17 (959 turns).

flotson the Sneak (Demonspawn Delver)                Turns: 959, Time: 00:03:17

Health: -3/24      AC:  3    Str: 12    XL:     2   Next: 3%
Magic:  2/2        EV: 12    Int: 11    God:    Hepliaklqana [......]
Gold:   0          SH:  0    Dex: 14    Spells: 1/1 levels left

rFire   . . .      SeeInvis .   a - +0 lajatang
rCold   . . .      Faith    .   (shield currently unavailable)
rNeg    . . .      Spirit   .   b - +0 leather armour
rPois   .          Reflect  .   (no helmet)
rElec   .          Harm     .   (no cloak)
rCorr   .          Rampage  .   (no gloves)
Will    .....                   (no boots)
Stlth   ++........              (no amulet)
HPRegen 0.08/turn               (no ring)
MPRegen 0.08/turn               (no ring)

@: no status effects
A: foul stench 1
a: Renounce Religion


You were on level 4 of the Dungeon.
You worshipped Hepliaklqana.
Hepliaklqana was noncommittal.
You visited 2 branches of the dungeon, and saw 3 of its levels.

Inventory:

Hand Weapons
 a - a +0 lajatang (weapon)
Armour
 b - a +0 leather armour (worn)
Wands
 g - a wand of digging (2)
Scrolls
 c - a scroll of fog
 d - a scroll of torment {unknown}


   Skills:
 + Level 3.1 Fighting
 - Level 1.7(1.8) Polearms
 + Level 0.5(1.2) Staves
 + Level 0.5 Armour
 + Level 2.0 Dodging
 - Level 4.5 Stealth


You had one spell level left.
You didn't know any spells.
Your spell library was empty.

Dungeon Overview and Level Annotations

Branches:
Dungeon (5/15)             Temple (1/1) D:4

Altars:
Ashenzari
Cheibriados
Fedhas
Gozag
Hepliaklqana
Kikubaaqudgha
Makhleb
Nemelex Xobeh
Okawaru
Ru
Vehumet
Wu Jian
Xom
Yredelemnul
The Shining One


Innate Abilities, Weirdness & Mutations

You may rarely emit foul miasma when damaged in melee.


Message History

You are splashed with acid.
* * * LOW HITPOINT WARNING * * *
Unknown command.
As you read the scroll of fear, it crumbles to dust.
You assume a fearsome visage.
The jelly looks frightened!
There is a stone staircase leading down here.
You start resting.
A jelly is nearby!
You climb downwards.
The phantom completely misses you.
There is a stone staircase leading up here.
The phantom hits you.
* * * LOW HITPOINT WARNING * * *
The phantom hits you but does no damage.
Found a stone staircase leading up.
There is a hazy altar of Hepliaklqana here.
You kneel at the altar of Hepliaklqana.
Hepliaklqana welcomes you!
There is a stone staircase leading up here.
The phantom completely misses you.
You climb upwards.
Found a stone staircase leading down.
There is a stone staircase leading down here.
A giant cockroach comes into view.
The phantom hits you.
* * * LOW HITPOINT WARNING * * *
The phantom blinks!
You blink.
Found 15 bolts.
The phantom hits you but does no damage.
Found a scroll labelled VYRIFO FEAZE.
Found 11 poisoned darts.
You open the door. The phantom closely misses you.
Found a broken altar of Ashenzari.
There is an open door here.
Found a Young Poisoner's Handbook.
Found a dark potion.
Aiming: Dig
Press: ? - help, Shift-Dir - straight line A rock wall.
The rock shatters into small pieces.
The phantom hits you!
You die...

##.....# ..(.
#.....# ....
#.....## .: .
#.....(# .. ..
#......##r# ...
####....#.#
...# .
###.'####.#
...K###W..###..
......#@_.#....
....##....###..
.. #.#####.#
.... .#....#
....# .# ....
....!. .. ...
.....# .. ...
..... ...


You could see a phantom, a quokka (asleep) and a kobold (asleep).

Vanquished Creatures
  An adder (D:5)
1 creature vanquished.

Vanquished Creatures (others)
  3 plants (D:5)
3 creatures vanquished.

Grand Total: 4 creatures vanquished

Notes
Turn   | Place    | Note
-------+----------+-------------------------------------------
     0 | D:5      | flotson the Demonspawn Delver began the quest for the Orb.
     0 | D:5      | Reached XP level 1. HP: 18/18 MP: 1/1
    16 | D:5      | Gained mutation: You may rarely emit foul miasma when
                  | damaged in melee. [demonic ancestry]
    16 | D:5      | Reached XP level 2. HP: 14/24 MP: 2/2
   100 | D:5      | Noticed a phantom
   110 | D:5      | Found a hazy altar of Hepliaklqana.
   124 | D:4      | Found a blossoming altar of Fedhas.
   386 | D:4      | Found a staircase to the Ecumenical Temple.
   393 | Temple   | Entered the Ecumenical Temple
   905 | D:5      | Became a worshipper of Hepliaklqana the Forgotten
   955 | D:4      | Found a broken altar of Ashenzari.
   959 | D:4      | Slain by a phantom

Illustrated notes

Levels and vault maps discovered:
D:4:      layout_loops_ring, nicolae_ashenzari_panopticon, lemuel_crystal_altar,
          temple_statues, serial_bayou_pond_c, minmay_starry_boxes
D:5:      layout_gridville, gammafunk_temple_overflow_elements,
          nicolae_hepliaklqana_hazy_memory, corexii_corridor_pit
Temple:   minmay_temple_forest_path

Skill      XL: |  1 |
---------------+----+-----
Dodging        | 2 |  2.0
Fighting       | |  3.1
Polearms       | |  1.7
Staves         | |  0.5
Armour         | |  0.5
Stealth        | |  4.5

Action                   || total
-------------------------++-------
Melee: Lajatang          ||     4
Evoke: Wand              ||     1
  Use: Scroll            ||     2
       Potion            ||     1
Armor: Leather armour    ||     2
Dodge: Dodged            ||     6

Table legend: (Time is in decaauts)
 A = Elapsed time spent in this place.
 B = Non-inter-level travel time spent in this place.
 C = Inter-level travel time spent in this place.
 D = Time resting spent in this place.
 E = Time spent auto-exploring this place.
 F = Levels seen in this place.
 G = Mean time per level.
                   A        B        C        D        E       F      G
               +--------+--------+--------+--------+--------+-----+--------+
         Total |    944 |    888 |     56 |     58 |    637 |   3 |  314.7 |
       Dungeon |    550 |    545 |      5 |     58 |    307 |   2 |  275.0 |
        Temple |    393 |    342 |     51 |      0 |    330 |   1 |  393.0 |
               +--------+--------+--------+--------+--------+-----+--------+

Top non-repeatable levels by time:
     D:4: 417 daAuts
  Temple: 393 daAuts
     D:5: 132 daAuts
